 Dungeon Crawl Stone Soup version 0.26-a0-665-gefeb406119 (webtiles) character file.

Game seed: 4813300993250992794

343 reriks the Magician (level 6, -1/32 HPs)
             Began as a Deep Elf Hedge Wizard on Oct 15, 2020.
             Was an Initiate of Vehumet.
             Killed from afar by an orc wizard (4 damage)
             ... with a magic dart
             ... on level 4 of the Dungeon.
             The game lasted 00:10:38 (6121 turns).

reriks the Magician (Deep Elf Hedge Wizard)         Turns: 6121, Time: 00:10:39

Health: -1/32      AC:  3    Str:  7      XL:     6   Next: 31%
Magic:  0/16       EV: 29    Int: 21      God:    Vehumet [......]
Gold:   143        SH:  0    Dex: 12 (14) Spells: 10/16 levels left

rFire    . . .     SeeInvis .   s - +2 mace (protect)
rCold    . . .     Faith    .   (no shield)
rNeg     . . .     Spirit   .   b - +0 robe
rPois    .         Reflect  .   c - +1 hat
rElec    .         Harm     .   (no cloak)
rCorr    .         Rampage  .   (no gloves)
MR       .....                  (no boots)
Stlth    +++.......             w - amulet of the acrobat
HPRegen  0.10/turn              (no ring)
MPRegen  0.15/turn              (no ring)

@: acrobat
A: no striking features
a: Renounce Religion


You were on level 4 of the Dungeon.
You worshipped Vehumet.
Vehumet was noncommittal.
You visited 2 branches of the dungeon, and saw 5 of its levels.

You collected 143 gold pieces.

Inventory:

Hand Weapons
 a - a +1 dagger
 s - a +2 mace of protection (weapon)
 t - a +0 war axe of flaming
Armour
 b - a +0 robe (worn)
 c - a +1 hat (worn)
Jewellery
 w - an amulet of the acrobat (around neck)
Wands
 r - a wand of flame (17)
Scrolls
 d - 2 scrolls of enchant armour
 f - a scroll of teleportation
 h - 2 scrolls of enchant weapon
 i - a scroll of random uselessness {unknown}
 l - a scroll of fog {unknown}
 v - a scroll of immolation {unknown}
 x - 2 scrolls of remove curse {unknown}
Potions
 g - a potion of might
 j - 4 potions of curing
 k - a potion of magic
 m - a potion of berserk rage
 o - a potion of haste
 p - a potion of degeneration
 q - a potion of lignification {unknown}
 u - a potion of heal wounds {unknown}


   Skills:
 + Level 4.1 Dodging
 + Level 4.3 Stealth
 + Level 5.8 Spellcasting
 + Level 3.2 Conjurations
   Level 1.1 Summonings
 - Level 1.1 Translocations
 + Level 1.5 Air Magic
 + Level 2.1 Poison Magic


You had 10 spell levels left.
You knew the following spells:

 Your Spells              Type           Power        Failure   Level
a - Magic Dart            Conj           ###.         2%          1
b - Blink                 Tloc           N/A          10%         2
c - Mephitic Cloud        Conj/Pois/Air  ###.....     12%         3

Your spell library contained the following spells:

 Spells                   Type           Power        Failure   Level
 Call Imp                 Summ           ##......     10%         2
 Slow                     Hex            #.......     16%         2
 Conjure Flame            Conj/Fire      ##......     16%         3


Dungeon Overview and Level Annotations

Branches:
Dungeon (4/15)             Temple (1/1) D:4

Altars:
Ashenzari
Cheibriados
Dithmenos
Elyvilon
Fedhas
Gozag
Hepliaklqana
Kikubaaqudgha
Makhleb
Nemelex Xobeh
Okawaru
Ru
Trog
Uskayaw
Vehumet
Wu Jian
Xom
Yredelemnul
Zin
The Shining One

Annotations:
D:4 2 runed translucent doors, Eustachio; GoodGuyCap's ghost, novice OpMo


Message History

Casting: Blink (safe; 10% risk of failure)
Confirm with . or Enter, or press ? or * to list all spells.
You don't have enough magic to cast that spell.
Unknown command.
The orc wizard gestures wildly while chanting.
The orc wizard seems to speed up.
Casting: Blink (safe; 10% risk of failure)
Confirm with . or Enter, or press ? or * to list all spells.
The spell is quite dangerous to cast (12% risk of failure)!
Continue anyway?
Press: ? - help, Shift-Dir - straight line, p - orc wizard The ball explodes into a vile cloud!
The stinking cloud engulfs the orc wizard but does no damage.
The orc wizard is moderately wounded.
You hear a shout!
The orc wizard casts a spell at you. The magic dart hits you.
* * * LOW HITPOINT WARNING * * *
The orc wizard casts a spell at you. The magic dart hits you.
You die...

##### ###...## ## ##......#
######### .######.......##
###.......#### ...##..........#
###.............
#..##..........###...o°.>........
....##........##@...☼☼..........)
.....##.........##...○o..........
......#####...####...............
.......#....### #...............
......#...### #...............
......###..### ####............
.....## #....# ##...........
....## #....## #.._.####### ....#
#.....## #....#


You could see an orc wizard (fast) and an orc.

Vanquished Creatures
  A howler monkey (D:4)
  2 orc wizards (D:4)
  3 worker ants (D:4)
  A hound skeleton (D:4)
  5 adders
  3 oozes
  2 adder skeletons (D:4)
  A worm (D:2)
  A dart slug (D:2)
  A leopard gecko (D:2)
  10 orcs
  8 bats
  7 giant cockroaches
  8 hobgoblins
  6 jackals
  3 quokkas
  5 frilled lizards
  10 goblins
  10 kobolds
  5 rats
92 creatures vanquished.

Notes
Turn   | Place    | Note
-------+----------+-------------------------------------------
     0 | D:1      | reriks the Deep Elf Hedge Wizard began the quest for the
                  | Orb.
     0 | D:1      | Reached XP level 1. HP: 10/10 MP: 7/7
   293 | D:1      | Reached XP level 2. HP: 15/15 MP: 7/9
   980 | D:1      | Reached XP level 3. HP: 19/19 MP: 9/11
  1275 | D:1      | Reached skill level 5 in Spellcasting
  1567 | D:1      | Learned a level 2 spell: Blink
  1571 | D:1      | Learned a level 3 spell: Mephitic Cloud
  2146 | D:2      | Found a broken altar of Ashenzari.
  2387 | D:2      | Found a white marble altar of Elyvilon.
  2496 | D:2      | Found a hide-covered altar of Uskayaw.
  2510 | D:2      | Reached XP level 4. HP: 24/24 MP: 8/13
  2652 | D:2      | Found a glowing golden altar of the Shining One.
  3114 | D:3      | Found a broken altar of Ashenzari.
  3174 | D:3      | Reached skill level 1 in Poison Magic
  3852 | D:4      | Reached XP level 5. HP: 28/28 MP: 8/14
  4169 | D:4      | Reached skill level 1 in Air Magic
  4207 | D:4      | Noticed Eustachio
  4299 | D:4      | Found a staircase to the Ecumenical Temple.
  4351 | D:4      | Reached XP level 6. HP: 19/32 MP: 8/16
  4552 | Temple   | Entered the Ecumenical Temple
  4764 | Temple   | Became a worshipper of Vehumet
  4790 | D:4      | Found a runed translucent door.
  4796 | D:4      | Noticed GoodGuyCap's ghost (novice OpMo)
  4815 | D:4      | Found a snail-covered altar of Cheibriados.
  5184 | D:4      | Found a runed translucent door.
  5946 | D:4      | Found a hazy altar of Hepliaklqana.
  5953 | D:4      | Found a snail-covered altar of Cheibriados.
  5953 | D:4      | Found a sparkling altar of Nemelex Xobeh.
  5954 | D:4      | Found a shimmering altar of Xom.
  5955 | D:4      | Found a blossoming altar of Fedhas.
  5956 | D:4      | Found an ancient bone altar of Kikubaaqudgha.
  5957 | D:4      | Found a sacrificial altar of Ru.
  6075 | D:4      | Identified the +0 ring mail "Hovyet" {rF+ MR+ rCorr Str-5}
  6121 | D:4      | Killed from afar by an orc wizard

Illustrated notes

Levels and vault maps discovered:
D:1:      ebering_trefoil_3fold, layout_loops_ring
D:2:      layout_basic, nicolae_overflow_hidden_temple,
          eat_drink_and_be_merry_uskayaw, lemuel_doored_altar, elyvilon_altar_3
D:3:      layout_basic, nicolae_ashenzari_panopticon
D:4:      layout_cave_pods, minitemple, minmay_temple_entry_crystal_x,
          ebering_ghost_sewer_f, cheibriados_altar_1, uniq_eustachio
Temple:   dpeg_chambers_temple

Skill      XL: |  1  2  3  4  5  6 |
---------------+-------------------+-----
Stealth        | 3 4 |  4.3
Dodging        | 3 4 |  4.1
Spellcasting   | 5 |  5.8
Conjurations   | 2 3 |  3.2
Poison Magic   | 1 2 |  2.1
Air Magic      | 1 |  1.5
Summonings     | |  1.1
Translocations | |  1.1

Action                   |  1- 3 |  4- 6 || total
-------------------------+-------+-------++-------
Melee: Dagger            |     4 |       ||     4
       Mace              |       |     8 ||     8
 Cast: Magic Dart        |   146 |   177 ||   323
       Mephitic Cloud    |       |     4 ||     4
       Blink             |       |     1 ||     1
Evoke: Wand              |       |     7 ||     7
  Use: Scroll            |       |    10 ||    10
Armor: Robe              |     5 |    18 ||    23
Dodge: Dodged            |    32 |    43 ||    75

Table legend: (Time is in decaauts)
 A = Elapsed time spent in this place.
 B = Non-inter-level travel time spent in this place.
 C = Inter-level travel time spent in this place.
 D = Time resting spent in this place.
 E = Time spent auto-exploring this place.
 F = Levels seen in this place.
 G = Mean time per level.
                   A        B        C        D        E       F      G
               +--------+--------+--------+--------+--------+-----+--------+
         Total |   6129 |   5898 |    231 |   2613 |   2497 |   5 | 1225.8 |
       Dungeon |   5908 |   5712 |    196 |   2613 |   2314 |   4 | 1477.0 |
        Temple |    220 |    185 |     35 |      0 |    183 |   1 |  220.0 |
               +--------+--------+--------+--------+--------+-----+--------+

Top non-repeatable levels by time:
     D:4: 1857 daAuts
     D:2: 1493 daAuts
     D:1: 1435 daAuts
     D:3: 1121 daAuts
  Temple: 220 daAuts
